Map: New Repugnancy LE

Players

Arctur

  • Race: Terran Terran
  • Spawn Location: 1:00

InZaNe - Winner!

  • Race: Terran Terran
  • Spawn Location: 7:00

Event: 2019 WCS Spring

VOD

Have the link to the VOD?

Description

Time

  • Played on: May 17, 2019, 8:09 a.m.
  • Length: 13:27

All games in this series

Show
View Real Time Build Order
Export as new Build Order

Arctur Terran 

Build Orders: 1/1/1 

Get SALT Encoding   

  12  0:00  SCV  
  13  0:12  SCV  
  14  0:17  Supply Depot  
  14  0:25  SCV  
  14  0:27  Refinery  
  15  0:38  SCV  
  16  0:45  Barracks  
  16  0:50  SCV  
  16  0:55  Refinery  
  17  1:03  SCV  
  18  1:15  SCV  
  19  1:32  Orbital Command  
  19  1:33  Factory  
  19  1:36  Barracks Reactor  
  19  1:44  Supply Depot  
  19  1:58  SCV  
  20  2:10  SCV  
  20  2:12  Reaper x2  
  23  2:17  Hellion  
  23  2:19  Starport  
  23  2:22  SCV  
  26  2:28  Supply Depot  
  26  2:34  SCV  
  27  2:38  Hellion  
  29  2:44  Reaper x2  
  29  2:50  SCV  
  32  2:56  Medivac  
  34  3:00  Hellion  
  34  3:03  Supply Depot  
  36  3:16  Reaper x2  
  38  3:26  Factory Tech Lab  
  38  3:31  Starport Tech Lab  
  38  3:36  Command Center  
  38  3:37  SCV  
  39  3:48  Marine x2  
  39  4:06  Raven  
  39  4:08  SCV  
  39  4:19  Marine x2  
  39  4:21  SCV  
  39  4:23  Siege Tank  
  44  4:29  Refinery  
  44  4:33  SCV  
  44  4:37  Marine x2  
  47  4:47  SCV  
  42  5:00  Marine x2  
  42  5:01  SCV  
  42  5:02  Orbital Command  
  42  5:05  Raven  
  45  5:10  Supply Depot  
  45  5:13  SCV  
  46  5:14  Siege Tank  
  46  5:18  Marine x2  
  51  5:29  SCV x2  
  51  5:32  Supply Depot  
  53  5:36  Command Center, Marine x2  
  53  5:41  SCV x2  
  57  5:46  Siege Tank  
  60  5:53  SCV  
  60  5:54  SCV, Raven  
  60  5:55  Marine  
  60  5:56  Supply Depot, Marine  
  66  6:05  SCV  
  66  6:06  SCV  
  66  6:10  Supply Depot  
  68  6:15  Barracks x2  
  68  6:17  Marine  
  68  6:18  SCV x2  
  69  6:19  Marine  
  70  6:27  Siege Tank  
  70  6:30  SCV x2  
  72  6:42  SCV x2, Refinery  
  72  6:43  Engineering Bay  
  74  6:49  Orbital Command  
  74  6:50  Engineering Bay  
  74  6:54  SCV  
  74  6:57  SCV  
  76  7:02  Viking, Stimpack  
  76  7:06  SCV  
  76  7:08  Barracks Reactor x2  
  79  7:09  SCV  
  79  7:11  Viking  
  82  7:17  Orbital Command, Marine  
  82  7:18  SCV  
  82  7:21  Terran Infantry Weapons Level 1, SCV, Terran Infantry Armor Level 1  
  84  7:30  SCV  
  84  7:33  SCV  
  71  7:38  Marauder, Viking  
  71  7:41  Viking  
  71  7:42  SCV  
  72  7:45  SCV  
  72  7:47  SCV  
  72  7:50  Marine x4  
  78  7:54  SCV, Refinery  
  78  7:57  SCV  
  80  7:59  Refinery  
  80  8:01  SCV  
  80  8:03  Supply Depot  
  80  8:04  Supply Depot  
  86  8:08  Marine  
  86  8:11  SCV  
  88  8:15  SCV x2, Barracks  
  88  8:16  Barracks  
  87  8:21  Viking  
  87  8:23  Viking, SCV  
  87  8:25  Factory Reactor  
  90  8:27  SCV x2  
  90  8:31  Marine  
  90  8:32  Armory, Marauder, Marine x2  
  90  8:33  Marine  
  98  8:49  Marine  
  98  8:51  Viking  
  98  8:52  SCV x3, Supply Depot x2  
  98  8:53  Viking, Marauder  
  107  8:57  Marine x2  
  107  8:58  Marine  
  110  9:03  Combat Shield  
  110  9:04  Liberator  
  110  9:07  Marine x2  
  110  9:08  Marauder  
  109  9:14  Marine  
  98  9:18  Marine x2  
  98  9:21  SCV x2  
  98  9:23  Viking, SCV  
  103  9:24  Marine  
  103  9:25  Marine  
  103  9:27  Marine  
  103  9:29  Marauder  
  108  9:32  Marauder  
  108  9:33  SCV  
  108  9:34  SCV  
  108  9:35  SCV  
  108  9:36  Terran Ship Weapons Level 1  
  108  9:37  Marine  
  113  9:48  Marine x2  
  113  9:51  Marauder  
  114  9:52  SCV  
  114  9:53  SCV  
  114  9:54  Marauder  
  114  9:56  Viking  
  114  9:57  Marine x2  
  121  10:04  Viking  
  121  10:06  Marine  
  120  10:07  SCV  
  120  10:08  SCV, Orbital Command, Marine  
  120  10:12  Marauder  
  121  10:15  Marauder  
  121  10:20  SCV x2  
  122  10:21  Marine x2  
  122  10:25  Barracks Tech Lab  
  124  10:31  Marine x2  
  124  10:32  SCV  
  127  10:39  Starport  
  127  10:40  Factory Tech Lab, Refinery  
  127  10:41  Starport  
  91  10:42  Liberator  
  127  10:49  Sensor Tower  
  127  11:00  Viking  
  127  11:02  Command Center  
  127  11:04  Fusion Core  
  132  11:10  Factory Reactor, Liberator  
  132  11:11  Marauder, Marine  
  135  11:12  Marauder, Marine x2  
  135  11:16  Marauder  
  135  11:17  Marine  
  140  11:24  SCV  
  140  11:25  Liberator  
  141  11:26  SCV  
  141  11:36  Viking, Marine x3  
  141  11:37  Marauder x2  
  141  11:38  Orbital Command, Marine  
  141  11:39  Marauder  
  138  11:54  Marine x3  
  140  11:56  Liberator, Marine  
  140  11:58  Marauder  
  140  11:59  Marauder  
  140  12:16  Orbital Command  
  140  12:22  Liberator  
  140  12:23  Liberator x2  
  140  12:30  Marauder, Refinery  
  140  12:31  Refinery  
  140  12:35  Marine  
  140  12:37  Marauder, Marine x2  
  140  12:39  Marauder  
  140  12:43  Marine  
  119  12:51  Marauder  
  119  12:52  Marine  
  119  12:55  SCV, Marine  
  119  12:56  SCV  
  108  12:58  Marauder  
  108  12:59  Marine  
  108  13:05  Marauder, Marine  
Show
View Real Time Build Order
Export as new Build Order

InZaNe Terran - Winner!

Build Orders: Mech 

Get SALT Encoding   

  12  0:00  SCV  
  13  0:12  SCV  
  14  0:17  Supply Depot  
  14  0:25  SCV  
  15  0:29  Refinery  
  15  0:38  SCV  
  16  0:44  Barracks  
  16  0:50  SCV  
  16  0:55  Refinery  
  17  1:03  SCV  
  18  1:15  SCV  
  19  1:31  Reaper  
  19  1:32  Orbital Command  
  20  1:34  Factory  
  20  1:44  Supply Depot  
  20  1:58  SCV  
  21  2:03  Reaper  
  22  2:10  SCV  
  23  2:18  Hellion  
  23  2:22  SCV  
  26  2:29  Command Center  
  26  2:34  SCV  
  26  2:36  Reaper  
  28  2:40  Hellion  
  30  2:49  Starport  
  30  2:50  SCV  
  31  2:58  Supply Depot  
  31  3:01  Factory Tech Lab  
  31  3:09  Barracks Reactor  
  31  3:15  Barracks Tech Lab  
  31  3:20  SCV  
  31  3:22  Cyclone  
  35  3:32  SCV  
  36  3:38  Raven  
  36  3:39  Refinery  
  38  3:42  Orbital Command  
  38  3:45  SCV  
  39  3:52  Marine  
  39  3:54  Cyclone  
  42  3:58  SCV  
  40  4:08  SCV  
  39  4:10  SCV  
  38  4:20  SCV  
  38  4:22  SCV  
  40  4:32  SCV  
  40  4:34  SCV, Raven  
  44  4:44  SCV  
  45  4:46  SCV  
  44  4:56  SCV  
  44  4:58  SCV  
  42  5:01  Siege Tank, Barracks Reactor  
  42  5:06  Command Center  
  45  5:07  Refinery  
  45  5:09  SCV  
  45  5:10  SCV  
  45  5:12  Supply Depot  
  47  5:21  SCV  
  48  5:22  SCV  
  48  5:27  Supply Depot  
  49  5:33  SCV  
  49  5:34  SCV, Siege Tank  
  54  5:44  Viking x2  
  54  5:45  SCV  
  54  5:46  SCV  
  60  5:53  Factory  
  60  5:56  Barracks Reactor  
  60  5:57  SCV, Factory  
  60  5:59  SCV  
  62  6:08  Siege Tank  
  62  6:09  SCV  
  62  6:11  SCV  
  67  6:15  Viking  
  69  6:18  Orbital Command  
  69  6:21  SCV  
  69  6:22  Viking  
  72  6:26  SCV  
  73  6:33  SCV  
  73  6:37  Siege Tank  
  73  6:38  SCV  
  78  6:44  Siege Tank  
  81  6:51  Hellion x2  
  81  6:53  Viking  
  84  6:55  Supply Depot  
  81  7:02  Viking  
  81  7:03  SCV  
  81  7:07  SCV, Orbital Command  
  85  7:14  Supply Depot  
  85  7:15  Supply Depot  
  85  7:17  SCV, Siege Tank  
  85  7:19  SCV  
  92  7:22  Hellion  
  92  7:29  SCV  
  93  7:30  Hellion  
  93  7:35  Siege Tank  
  93  7:36  SCV  
  93  7:37  SCV  
  94  7:39  Viking x2  
  94  7:41  SCV  
  90  7:49  SCV x2  
  90  7:50  Armory  
  92  7:53  SCV, Hellion x2, Refinery  
  92  7:57  Engineering Bay  
  92  7:58  Refinery  
  97  8:00  Supply Depot  
  97  8:01  SCV  
  97  8:02  SCV  
  97  8:05  SCV  
  100  8:11  Viking  
  100  8:12  Viking  
  104  8:13  SCV  
  104  8:14  SCV  
  104  8:17  SCV  
  107  8:21  Siege Tank x2  
  107  8:26  SCV  
  114  8:27  SCV  
  114  8:28  Supply Depot  
  114  8:34  Hellion, Supply Depot  
  117  8:42  Barracks Reactor  
  117  8:43  Factory, Terran Vehicle Weapons Level 1  
  117  8:44  Factory  
  117  8:46  Supply Depot  
  117  8:52  Missile Turret  
  117  8:53  Supply Depot  
  117  8:54  SCV, Supply Depot  
  118  9:08  Viking x2  
  114  9:18  Hellion, Siege Tank x2  
  114  9:19  Hellion  
  122  9:32  Factory Tech Lab  
  122  9:45  Viking x2  
  122  9:48  Hellion  
  122  9:49  Hellion x3  
  128  9:54  Siege Tank  
  128  9:55  Cyclone  
  128  9:58  Thor  
  138  10:10  Hellion  
  138  10:11  Hellion x3  
  140  10:19  Viking x2  
  130  10:24  Starport  
  130  10:25  Starport, Command Center  
  126  10:32  Thor  
  126  10:34  Hellion  
  134  10:38  Terran Vehicle And Ship Armor Level 1  
  134  10:39  SCV x2  
  134  10:40  Supply Depot  
  136  10:51  Viking x2  
  136  10:54  Siege Tank  
  136  10:55  Siege Tank  
  136  10:57  Hellion x3  
  152  11:03  Starport Reactor x2  
  152  11:06  SCV x3  
  152  11:10  Refinery  
  155  11:11  Armory  
  155  11:15  Refinery  
  155  11:18  SCV x3  
  156  11:23  Viking x2  
  156  11:42  Viking x2  
  156  11:43  Viking x2  
  156  11:45  Hellion x2  
  156  11:46  Hellion x2  
  165  11:53  Viking x2  
  169  11:54  Siege Tank  
  169  11:59  Thor  
  176  12:08  Planetary Fortress, Missile Turret  
  176  12:10  Missile Turret  
  176  12:14  Viking  
  172  12:29  Viking  
  168  12:45  Viking  
  168  12:51  Siege Tank  
  156  12:54  Hellion, Siege Tank x2  
  156  12:55  Hellion x2  
  148  13:13  Command Center  
Tags
 
Add a new tag
Caveats
  • Supply blocks, unpowered buildings, or Contaminate may cause inaccurate times.
  • Supply counts are checked every 10 seconds.